 Dungeon Crawl Stone Soup version 0.17.1-1-g73c8601 (webtiles) character file.

246 henrikdeath the Magician (level 5, -3/28 HPs)
             Began as a Deep Elf Wizard on Dec 30, 2015.
             Shot with an arrow by a centaur (14 damage)
             ... on level 4 of the Dungeon.
             The game lasted 00:21:53 (3690 turns).

henrikdeath the Magician (Deep Elf Wizard)          Turns: 3690, Time: 00:21:53

Health: -3/28      AC:  4    Str:  4    XL:     5   Next: 84%
Magic:  2/16       EV: 12    Int: 24    God:
Gold:   209        SH:  0    Dex: 13    Spells: 6 memorised, 5 levels left

rFire  . . .     SeeInvis .     (no weapon)
rCold  + . .     Clarity  .     a - +0 robe
rNeg   . . .     SustAt   +     (no shield)
rPois  .         Gourm    .     b - +0 hat
rElec  .         Spirit   .     (no cloak)
rCorr  .         Warding  .     k - +0 pair of gloves
rMut   +         Stasis   .     r - +0 pair of boots {run}
MR     .....                    v - amulet of resist mutation
Stlth  ++........               i - ring of protection from cold
                                e - ring of sustain attributes

@: quick, not resistant to hostile enchantments, unstealthy
A: no striking features
a: no special abilities


You were on level 4 of the Dungeon.
You were not hungry.

You visited 1 branch of the dungeon, and saw 4 of its levels.

You collected 209 gold pieces.

Inventory:

Hand Weapons
 m - a +1 vampiric short sword
Missiles
 A - 2 stones (quivered)
Armour
 a - a +0 robe (worn)
 b - a +0 hat (worn)
 k - a +0 pair of gloves (worn)
 r - a +0 pair of boots of running (worn)
 C - a +0 robe
Jewellery
 e - a ring of sustain attributes (left hand)
 i - a ring of protection from cold (right hand)
 v - an amulet of resist mutation (around neck)
 B - an uncursed ring of teleportation
Wands
 t - a wand of hasting (2)
 y - a wand of polymorph (11)
Scrolls
 f - a scroll of noise {unknown}
 h - 2 scrolls of magic mapping {unknown}
 s - a scroll of identify
 u - a scroll of fear {unknown}
 w - a scroll of amnesia {unknown}
 x - a scroll of fog {unknown}
Potions
 g - 2 potions of lignification
 j - a potion of heal wounds {unknown}
 l - 2 potions of haste
 o - a potion of degeneration {unknown}
 q - a potion of flight {unknown}
 z - a potion of might {unknown}
Books
 c - a book of Minor Magic

   Spells                             Type                      Level
   a - Magic Dart                     Conjuration                  1
   b - Blink                          Translocation                2
   c - Call Imp                       Summoning                    2
   d - Repel Missiles                 Charms/Air                   2
   e - Slow                           Hexes                        2
   f - Conjure Flame                  Conjuration/Fire             3
   g - Mephitic Cloud                 Conjuration/Poison/Air       3
Comestibles
 d - a bread ration
 n - a fruit
 p - 4 meat rations
 D - a slice of pizza


   Skills:
 - Level 2.4 Dodging
 - Level 2.4 Stealth
 + Level 7.2 Spellcasting
 + Level 3.4 Conjurations
 + Level 0.4 Charms
   Level 1.1 Summonings
 + Level 1.2 Translocations
 + Level 0.4 Fire Magic
 * Level 1.6 Air Magic
 + Level 0.4 Poison Magic


You had 5 spell levels left.
You knew the following spells:

 Your Spells              Type           Power        Failure   Level  Hunger
a - Magic Dart            Conj           ####         1%          1    None
b - Blink                 Tloc           N/A          8%          2    None
c - Repel Missiles        Chrm/Air       ##....       10%         2    None
d - Slow                  Hex            #.......     12%         2    None
e - Conjure Flame         Conj/Fire      ###.....     12%         3    None
f - Mephitic Cloud        Conj/Pois/Air  ###.....     12%         3    None


Dungeon Overview and Level Annotations

Branches:
Dungeon (4/15)
 Temple: D:4-7

Altars:
Dithmenos
Fedhas
Qazlal
Trog

Annotations:
D:4 Menkaure


Message History

The centaur wields a shortbow.
The centaur shoots an arrow.
The arrow closely misses you.
The gnoll throws a stone.
The stone barely misses you.
There is an open door here.
You see here 2 stones.
A - 2 stones The centaur shoots an arrow.
The arrow closely misses you.
The gnoll throws a stone.
The stone misses you.
The centaur shoots an arrow.
The arrow misses you.
You close the door.
A centaur opens the door.
The gnoll throws a stone.
The stone hits you but does no damage.
You close the door.
A centaur opens the door.
The gnoll throws a stone.
The stone hits you.
The centaur shoots an arrow.
The arrow is repelled.
You feel less protected from missiles.
The centaur shoots an arrow.
The arrow hits you!
The gnoll throws a stone.
The stone misses you.
You see here an arrow.
The centaur shoots an arrow.
The arrow hits you!
Ouch! That really hurt!
You die...

#.# #.# ###.# . .... #.
#.#######.
#.#######.........
#.....".....########
...........).gg..((#####
..........#g###.@.!....#
##.....g....# #..((....#
......###..## #...(.(..#
.#...$..().# #####'####
..#.....#..# ######c.#
.######.#..# #....##.#
......#.#..# #....# .#
........#..###....# ..
.....####.........# #$#


You could see a centaur and 2 gnolls.

Vanquished Creatures
  An iguana (D:4)
  A giant frog skeleton (D:3)
  A hound (D:4)
  4 adders
  2 gnolls (D:4)
  3 oozes
  An adder skeleton (D:4)
  2 worms (D:3)
  3 giant geckos
  3 orcs
  9 hobgoblins
  4 jackals (D:1)
  7 kobolds
  2 quokkas
  2 ball pythons
  8 bats
  2 giant cockroaches (D:1)
  5 giant newts
  10 goblins
  10 rats
80 creatures vanquished.

Notes
Turn   | Place    | Note
--------------------------------------------------------------
     0 | D:1      | henrikdeath the Deep Elf Wizard began the quest for the Orb.
     0 | D:1      | Reached XP level 1. HP: 10/10 MP: 7/7
   331 | D:2      | Reached skill level 5 in Spellcasting
   331 | D:2      | Reached XP level 2. HP: 13/15 MP: 5/10
   626 | D:1      | Reached XP level 3. HP: 19/19 MP: 6/12
   637 | D:1      | Learned a level 2 spell: Blink
   640 | D:1      | Learned a level 2 spell: Repel Missiles
   643 | D:1      | Learned a level 2 spell: Slow
   647 | D:1      | Learned a level 3 spell: Conjure Flame
   651 | D:1      | Learned a level 3 spell: Mephitic Cloud
  1528 | D:2      | Reached skill level 6 in Spellcasting
  1687 | D:2      | Identified a +0 pair of boots of running (You found it on level 2 of the Dungeon)
  1732 | D:3      | Reached XP level 4. HP: 24/24 MP: 2/14
  2248 | D:3      | Found a shadowy altar of Dithmenos.
  2257 | D:3      | Found a stormy altar of Qazlal.
  2260 | D:3      | Found a bloodstained altar of Trog.
  2263 | D:3      | Found a blossoming altar of Fedhas.
  2919 | D:3      | Reached skill level 1 in Air Magic
  2919 | D:3      | Reached XP level 5. HP: 28/28 MP: 10/16
  3235 | D:4      | Noticed Menkaure
  3446 | D:4      | Reached skill level 7 in Spellcasting
  3683 | D:4      | Noticed a centaur
  3690 | D:4      | Shot with an arrow by a centaur

Action                   |  1- 3 |  4- 6 || total
-------------------------+-------+-------++-------
 Cast: Magic Dart        |   104 |    98 ||   202
       Conjure Flame     |     4 |    15 ||    19
       Mephitic Cloud    |     2 |     1 ||     3
       Slow              |     1 |       ||     1
       Repel Missiles    |     1 |       ||     1
       Blink             |       |     3 ||     3
  Use: Scroll            |     3 |     5 ||     8
       Potion            |       |     1 ||     1
  Eat: Chunk             |     2 |     5 ||     7
       Fruit             |       |     1 ||     1
